 Dungeon Crawl Stone Soup version 0.28-a0-732-g75e6d9beac (webtiles) character file.

Game seed: 10268259659528555409

62 Ijustatesigmund the Covert (level 4, -1/41 HPs)
             Began as a Gnoll Delver on Oct 29, 2021.
             Killed from afar by an orc wizard (5 damage)
             ... with a puff of flame
             ... on level 3 of the Dungeon.
             The game lasted 00:02:37 (539 turns).

Ijustatesigmund the Covert (Gnoll Delver)            Turns: 539, Time: 00:02:38

Health: -1/41      AC:  6    Str: 11    XL:     4   Next: 8%
Magic:  5/5        EV: 14    Int: 10    God:
Gold:   136        SH:  0    Dex: 20    Spells: 5/5 levels left

rFire   . . .      SeeInvis +   a - +0 hand axe (protect)
rCold   . . .      Faith    .   (no shield)
rNeg    . . .      Spirit   .   b - +0 leather armour
rPois   .          Reflect  .   (no helmet)
rElec   .          Harm     .   (no cloak)
rCorr   .          Rampage  .   l - +2 pair of gloves
Will    .....                   (no boots)
Stlth   ++++......              (no amulet)
HPRegen 0.13/turn               i - +6 ring of dexterity
MPRegen 0.09/turn               j - ring of see invisible

@: hasted, very quick
A: fangs 1, strong nose, distributed training
a: no special abilities


You were on level 3 of the Dungeon.
You visited 1 branch of the dungeon, and saw 3 of its levels.

You collected 136 gold pieces.

Inventory:

Hand Weapons
 a - a +0 hand axe of protection (weapon)
Armour
 b - a +0 leather armour (worn)
 l - a +2 pair of gloves (worn)
Jewellery
 i - a +6 ring of dexterity (left hand)
 j - a ring of see invisible (right hand)
Wands
 g - a wand of digging (3)
Scrolls
 c - a scroll of fog
 d - a scroll of magic mapping
 k - 2 scrolls of brand weapon
 m - a scroll of identify {unknown}


   Skills:
 + Level 6.5 Fighting
 + Level 1.0 Short Blades
 + Level 1.0 Long Blades
 + Level 4.6 Axes
 + Level 1.0 Maces & Flails
 + Level 1.0 Polearms
 + Level 1.0 Staves
 + Level 1.0 Slings
 + Level 1.0 Bows
 + Level 1.0 Crossbows
 + Level 1.0 Throwing
 + Level 1.0 Armour
 + Level 4.6 Dodging
 + Level 9.6 Stealth
 + Level 1.0 Shields
 + Level 1.0 Unarmed Combat
 + Level 1.0 Spellcasting
 + Level 0.7 Conjurations
 + Level 0.7 Hexes
 + Level 0.7 Summonings
 + Level 0.7 Necromancy
 + Level 0.7 Translocations
 + Level 0.7 Transmutations
 + Level 0.7 Fire Magic
 + Level 0.7 Ice Magic
 + Level 0.7 Air Magic
 + Level 0.7 Earth Magic
 + Level 0.7 Poison Magic
 + Level 1.1 Invocations
 + Level 1.0 Evocations


You had 5 spell levels left.
You didn't know any spells.
Your spell library was empty.

Dungeon Overview and Level Annotations

Branches:
Dungeon (5/15)             Temple (0/1) D:4

Altars:
Fedhas
Beogh

Shops:
D:4 *[


Innate Abilities, Weirdness & Mutations

You have very sharp teeth.
Your uncanny sense of smell can sniff out nearby items.
Your experience applies equally to all skills.


Message History

Items here: )) [ ÷÷.
The orc priest casts a cantrip, but nothing happens.
You completely miss the orc priest.
The orc priest mumbles some strange prayers to Beogh against you.
Beogh smites you!
You are too injured to fight recklessly!
You are too injured to fight recklessly!
You are too injured to fight recklessly!
You are too injured to fight recklessly!
You are too injured to fight recklessly!
You are too injured to fight recklessly!
You are too injured to fight recklessly!
You are too injured to fight recklessly!
You are too injured to fight recklessly!
You are too injured to fight recklessly!
You are too injured to fight recklessly!
You are too injured to fight recklessly!
You are too injured to fight recklessly!
You are too injured to fight recklessly!
You feel yourself speed up.
The orc priest mumbles some strange prayers to Beogh against you.
Beogh smites you!
* * * LOW HITPOINT WARNING * * *
It was a potion of curing.
You feel better.
The orc priest invokes the aid of Beogh against you.
Pain shoots through your body!
* * * LOW HITPOINT WARNING * * *
As you read the scroll of fear, it crumbles to dust.
You assume a fearsome visage.
The orc priest looks frightened!
The orc wizard looks frightened!
The orc wizard casts a spell.
The orc wizard flickers and vanishes for a moment.
Items here: )) [ ÷÷.
The orc wizard casts a spell at you. The magic dart hits you.
* * * LOW HITPOINT WARNING * * *
You see here a +0 dagger.
The orc wizard points at you and mumbles some strange words.
The puff of flame hits you.
You die...

.### ...##
##...#######
#..........#
.#..........#
..........$.#
#.....@....#
#.....)....#
#.......#####
######.##._$##
#)#.8.8$#
#.#o....#
#.#o8o8.#
#o##..o#
#..##'#


You could see an orc wizard (invisible).

Vanquished Creatures
  An orc priest (D:3)
  An orc wizard (D:4)
  2 orcs
  A giant cockroach (D:4)
  A quokka (D:4)
  2 kobolds
  A rat (D:3)
9 creatures vanquished.

Notes
Turn   | Place    | Note
-------+----------+-------------------------------------------
     0 | D:5      | Reached skill level 9 in Stealth
     0 | D:5      | Ijustatesigmund the Gnoll Delver began the quest for the
                  | Orb.
     0 | D:5      | Reached XP level 1. HP: 23/23 MP: 1/1
    87 | D:4      | Found a staircase to the Ecumenical Temple.
   142 | D:4      | Found a blossoming altar of Fedhas.
   172 | D:4      | Found Bemuca's Armour Emporium.
   172 | D:4      | Found Mogurioj's Elemental Accessories.
   244 | D:3      | Noticed an orc priest
   244 | D:3      | Noticed an orc priest
   244 | D:3      | Noticed an orc wizard
   244 | D:3      | Noticed an orc wizard
   251 | D:3      | Reached XP level 2. HP: 22/29 MP: 2/2
   401 | D:4      | Reached XP level 3. HP: 22/35 MP: 2/4
   524 | D:3      | Reached skill level 1 in Short Blades
   524 | D:3      | Reached skill level 1 in Long Blades
   524 | D:3      | Reached skill level 1 in Maces & Flails
   524 | D:3      | Reached skill level 1 in Polearms
   524 | D:3      | Reached skill level 1 in Staves
   524 | D:3      | Reached skill level 1 in Slings
   524 | D:3      | Reached skill level 1 in Bows
   524 | D:3      | Reached skill level 1 in Crossbows
   524 | D:3      | Reached skill level 1 in Throwing
   524 | D:3      | Reached skill level 1 in Armour
   524 | D:3      | Reached skill level 1 in Shields
   524 | D:3      | Reached skill level 1 in Unarmed Combat
   524 | D:3      | Reached skill level 1 in Spellcasting
   524 | D:3      | Reached skill level 1 in Invocations
   524 | D:3      | Reached skill level 1 in Evocations
   524 | D:3      | Reached XP level 4. HP: 37/41 MP: 5/5
   539 | D:3      | Killed from afar by an orc wizard

Illustrated notes

Levels and vault maps discovered:
D:3:      layout_rooms, lemuel_crystal_altar, shapermc_ecumenical_altar_venn,
          serial_glass, glass_columns_b, glass_columns_a, glass_columns_a,
          glass_columns_b, glass_columns_b, glass_columns_a, glass_columns_b,
          glass_columns_a, kennysheep_orc_chapel
D:4:      layout_basic, mainiacjoe_overflow_24_doors, temple_statues,
          serial_shops, shop_coins, minmay_misc_feat_roman,
          nicolae_elemental_shop
D:5:      layout_loops_ring, corexii_shack, uniq_grinder

Skill      XL: |  1  2  3 |
---------------+----------+-----
Stealth        | |  9.6
Short Blades   | 1 |  1.0
Long Blades    | 1 |  1.0
Maces & Flails | 1 |  1.0
Polearms       | 1 |  1.0
Staves         | 1 |  1.0
Slings         | 1 |  1.0
Bows           | 1 |  1.0
Crossbows      | 1 |  1.0
Throwing       | 1 |  1.0
Armour         | 1 |  1.0
Shields        | 1 |  1.0
Unarmed Combat | 1 |  1.0
Spellcasting   | 1 |  1.0
Invocations    | 1 |  1.1
Evocations     | 1 |  1.0
Fighting       | |  6.5
Axes           | |  4.6
Dodging        | |  4.6
Conjurations   | |  0.7
Hexes          | |  0.7
Summonings     | |  0.7
Necromancy     | |  0.7
Translocations | |  0.7
Transmutations | |  0.7
Fire Magic     | |  0.7
Ice Magic      | |  0.7
Air Magic      | |  0.7
Earth Magic    | |  0.7
Poison Magic   | |  0.7

Action                   |  1- 3 |  4- 6 || total
-------------------------+-------+-------++-------
Melee: Hand axe          |    43 |     1 ||    44
       Bite              |     3 |       ||     3
  Use: Scroll            |     1 |     1 ||     2
       Potion            |       |     2 ||     2
Armor: Leather armour    |    16 |       ||    16
Dodge: Dodged            |    27 |       ||    27

Table legend: (Time is in decaauts)
 A = Elapsed time spent in this place.
 B = Non-inter-level travel time spent in this place.
 C = Inter-level travel time spent in this place.
 D = Time resting spent in this place.
 E = Time spent auto-exploring this place.
 F = Levels seen in this place.
 G = Mean time per level.
                   A        B        C        D        E       F      G
               +--------+--------+--------+--------+--------+-----+--------+
         Total |    540 |    540 |      0 |    253 |     34 |   3 |  180.0 |
       Dungeon |    540 |    540 |      0 |    253 |     34 |   3 |  180.0 |
               +--------+--------+--------+--------+--------+-----+--------+

Top non-repeatable levels by time:
     D:4: 424 daAuts
     D:3: 65 daAuts
     D:5: 50 daAuts
